 Dungeon Crawl Stone Soup version 0.28.0-53-g5a82cb258f (webtiles) character file.

Game seed: 15457686430747852796

140 bnorton916 the Magician (level 5, -6/28 HPs)
             Began as a Deep Elf Fire Elementalist on June 9, 2022.
             Mangled by Sigmund
             ... wielding a +0 scythe
              (10 damage)
             ... on level 3 of the Dungeon.
             The game lasted 00:03:23 (4268 turns).

bnorton916 the Magician (DEFE)                      Turns: 4268, Time: 00:03:24

Health: -6/28      AC:  7    Str:  5    XL:     5   Next: 2%
Magic:  8/14       EV: 12    Int: 22    God:
Gold:   73         SH:  0    Dex: 15    Spells: 7/13 levels left

rFire   . . .      SeeInvis .   (no weapon)
rCold   . . .      Faith    .   (no shield)
rNeg    . . .      Spirit   .   a - +0 robe
rPois   .          Reflect  .   n - +2 helmet
rElec   .          Harm     .   q - +0 cloak
rCorr   .          Rampage  .   (no gloves)
Will    .....                   h - +0 pair of boots
Stlth   ++........              (no amulet)
HPRegen 0.09/turn               (no ring)
MPRegen 0.14/turn               (no ring)

@: no status effects
A: no striking features
a: no special abilities


You were on level 3 of the Dungeon.
You visited 1 branch of the dungeon, and saw 3 of its levels.

You collected 73 gold pieces.

Inventory:

Missiles
 b - 98 stones
 p - 5 poisoned darts
Armour
 a - a +0 robe (worn)
 h - a +0 pair of boots (worn)
 n - a +2 helmet (worn)
 q - a +0 cloak (worn)
Jewellery
 l - a ring of protection from fire
Scrolls
 c - a scroll of torment {unknown}
 d - 2 scrolls of identify {unknown}
 i - 3 scrolls of teleportation {unknown}
 k - 3 scrolls of silence {unknown}
 m - a scroll of enchant weapon {unknown}
 o - 4 scrolls of magic mapping {unknown}
Potions
 e - 2 potions of might {unknown}
 f - a potion of lignification {unknown}
 g - a potion of flight {unknown}
 j - a potion of degeneration {unknown}


   Skills:
 - Level 2.4 Dodging
 - Level 2.4 Stealth
 + Level 4.7 Spellcasting
 + Level 3.1 Conjurations
 + Level 4.5 Fire Magic


You had 7 spell levels left.
You knew the following spells:

 Your Spells              Type           Power      Damage    Failure   Level
a - Foxfire               Conj/Fire      88%        2x1d8     2%          1
b - Scorch                Fire           50%        2d8       2%          2
c - Conjure Flame         Conj/Fire      22%        6-21      6%          3

Your spell library contained the following spells:

 Spells                   Type           Power      Damage    Failure   Level
 Inner Flame              Hex/Fire       15%        N/A       12%         3
 Flame Wave               Conj/Fire      22%        2d7       22%         4


Dungeon Overview and Level Annotations

Branches:
Dungeon (3/15)

Altars:
Kikubaaqudgha
Nemelex Xobeh
Sif Muna
Trog

Annotations:
D:3 Sigmund


Message History

Sigmund shouts!
The foxfire hits Sigmund.
Sigmund is lightly wounded.
Sigmund drinks a potion.
Sigmund suddenly seems more resistant.
The foxfire hits Sigmund.
Sigmund resists.
Sigmund is moderately wounded.
The foxfire hits Sigmund but does no damage.
Sigmund is moderately wounded.
Casting: Foxfire (safe; 2% risk of failure)
Confirm with . or Enter, or press ? or * to list all spells.
You conjure some foxfire!
The foxfire hits Sigmund.
Sigmund resists.
Sigmund is moderately wounded.
Sigmund casts a spell.
Sigmund flickers and vanishes!
Deactivating autopickup; reactivate with Ctrl-A.
Casting: Foxfire (safe; 2% risk of failure)
Confirm with . or Enter, or press ? or * to list all spells.
You conjure some foxfire!
The foxfire hits something.
The foxfire hits something. x2
Casting: Foxfire (safe; 2% risk of failure)
Confirm with . or Enter, or press ? or * to list all spells.
You conjure some foxfire!
The foxfire hits something. x2
Unknown command.
Casting: Foxfire (safe; 2% risk of failure)
Confirm with . or Enter, or press ? or * to list all spells.
You conjure some foxfire!
Something hits you!
The foxfire hits something. x2; Something hits you!
Casting: Foxfire (safe; 2% risk of failure)
Confirm with . or Enter, or press ? or * to list all spells.
You conjure some foxfire!
The foxfire hits something.
The foxfire hits something but does no damage.
Something hits you!
* * * LOW HITPOINT WARNING * * *
Casting: Foxfire (safe; 2% risk of failure)
Confirm with . or Enter, or press ? or * to list all spells.
You conjure some foxfire!
Something hits you!
You die...

.# #......##.###########
.####.......#..#
..(............#
###.#####.#.####
##....#...#.#
##..#.#.###.#
##..#...###.# #.#
##..####....#######...#
.#..# #.........@v....#
.#..# #..####...§v......
.#..# #......).........≈
.#..###.#####.######..≈≈
.#....#.....)..# .≈≈≈
..#.#.#........####.. ≈≈
......#.....).......≈ ≈
#.....#.............##
.....###.......###....


There were no monsters in sight!

Vanquished Creatures
  An iguana (D:3)
  Robin (D:3)
  4 adders
  2 dart slugs (D:2)
  4 orcs (D:3)
  2 endoplasms (D:1)
  2 giant cockroaches (D:3)
  15 goblins
  8 hobgoblins
  6 kobolds
  A quokka (D:1)
  4 ball pythons
  4 bats
  2 frilled lizards
  3 rats
59 creatures vanquished.

Vanquished Creatures (others)
  301 foxfires
301 creatures vanquished.

Grand Total: 360 creatures vanquished

Notes
Turn   | Place    | Note
-------+----------+-------------------------------------------
     0 | D:1      | bnorton916 the Deep Elf Fire Elementalist began the quest
                  | for the Orb.
     0 | D:1      | Reached XP level 1. HP: 10/10 MP: 6/6
   269 | D:1      | Reached XP level 2. HP: 15/15 MP: 5/8
   736 | D:1      | Found a faded altar of an unknown god.
  1105 | D:2      | Reached XP level 3. HP: 19/19 MP: 5/10
  2371 | D:3      | Found a bloodstained altar of Trog.
  2406 | D:3      | Noticed Robin
  2434 | D:3      | Killed Robin
  2435 | D:3      | Reached XP level 4. HP: 23/24 MP: 3/12
  2853 | D:3      | Found a sparkling altar of Nemelex Xobeh.
  2924 | D:3      | Learned a level 2 spell: Scorch
  2928 | D:3      | Learned a level 3 spell: Conjure Flame
  4086 | D:3      | Found a shimmering blue altar of Sif Muna.
  4090 | D:3      | Reached XP level 5. HP: 28/28 MP: 12/14
  4090 | D:3      | Found an ancient bone altar of Kikubaaqudgha.
  4253 | D:3      | Noticed Sigmund
  4268 | D:3      | Mangled by Sigmund

Illustrated notes

Levels and vault maps discovered:
D:1:      lemuel_arrival_behind_the_door_small, layout_basic,
          basic_ecumenical_altar
D:2:      layout_basic, kennysheep_generic_room_9
D:3:      layout_basic, mainiacjoe_overflow_boulevard,
          nemelex_spade_bored_becter, grunt_temple_overflow_open,
          grunt_decor_junction, skrybe_limestone_x, kennysheep_nondescript,
          uniq_grinder, uniq_robin, uniq_sigmund

Skill      XL: |  1  2  3  4 |
---------------+-------------+-----
Conjurations   | 2 3 |  3.1
Spellcasting   | 4 |  4.7
Fire Magic     | 4 |  4.5
Dodging        | |  2.4
Stealth        | |  2.4

Action                   |  1- 3 |  4- 6 || total
-------------------------+-------+-------++-------
 Cast: Foxfire           |   104 |    74 ||   178
       Scorch            |       |     3 ||     3
  Use: Potion            |       |     1 ||     1
Armor: Robe              |     6 |     6 ||    12
Dodge: Dodged            |    20 |    14 ||    34
